 Dungeon Sprint DCSS version 0.24-a0-784-g601f8f6d22 (webtiles) character file.

Game seed: 12228362846876562945, levelgen mode: deterministic

280 IC0N0FSIN the Blocker (level 6, 0/56 HPs)
             Began as a Formicid Fighter on Oct 9, 2019.
             Was an Initiate of the Shining One.
             Slain by a deep troll (3 damage)
             ... in the Dungeon (Sprint I: "Red Sonja").
             The game lasted 00:05:16 (250 turns).

IC0N0FSIN the Blocker (Formicid Fighter)             Turns: 250, Time: 00:05:17

Health: 0/56       AC:  8    Str: 22    XL:     6   Next: 52%
Magic:  6/6        EV:  9    Int:  8    God:    the Shining One [......]
Gold:   191        SH: 11    Dex: 10    Spells: 5/5 levels left

rFire    . . .     SeeInvis +   e - +2 spear (venom)
rCold    . . .     Gourm    .   c - +0 shield
rNeg     . . .     Faith    .   b - +0 scale mail
rPois    .         Spirit   .   (helmet unavailable)
rElec    .         Reflect  .   (no cloak)
rCorr    .         Harm     .   (no gloves)
MR       .....                  (no boots)
Stlth    ..........             (no amulet)
HPRegen  0.18/turn              (no ring)
MPRegen  0.10/turn              (no ring)

@: glowing
A: permanent stasis, dig shafts and tunnels, four strong arms, antennae 3
a: Dig, Renounce Religion


You were in the Dungeon.
You worshipped the Shining One.
The Shining One was noncommittal.
You were not hungry.

You visited 1 branch You collected 243 gold pieces.
You spent 52 gold pieces at shops.

Inventory:

Hand Weapons
 a - a +0 quarterstaff
 e - a +2 spear of venom (weapon)
Armour
 b - a +0 scale mail (worn)
 c - a +0 shield (worn)
Scrolls
 k - a scroll of blinking
Potions
 h - a potion of haste
 i - 2 potions of magic
 j - a potion of berserk rage
Comestibles
 d - 8 chunks of flesh
 f - a ration


   Skills:
 + Level 8.2 Fighting
 + Level 4.5 Staves
 + Level 8.3 Armour
 + Level 9.0 Shields


You had 5 spell levels left.
You didn't know any spells.
Your spell library was empty.

Dungeon Overview and Level Annotations

Branches:
Dungeon (1/1)

Altars:
Cheibriados
Dithmenos
Elyvilon
Fedhas
Gozag
Hepliaklqana
Kikubaaqudgha
Nemelex Xobeh
Okawaru
Qazlal
Ru
Sif Muna
Trog
Uskayaw
Vehumet
Wu Jian
Yredelemnul
Zin
The Shining One

Shops:
D *


Innate Abilities, Weirdness & Mutations

You cannot be hasted, slowed, berserked, paralysed or teleported.
You can dig through walls and to a lower floor.
Your four strong arms can wield two-handed weapons with a shield.
You have a pair of large antennae on your head. (SInv)


Message History

Wear which item? (? for menu, Esc to quit)
Okay, then.
Wield which item (- for none, * to show all)? (? for menu, Esc to quit)
Your +2 spear of venom begins to drip with poison!
e - a +2 spear of venom (weapon)
The deep troll bites you.
* * * LOW HITPOINT WARNING * * *
The deep troll claws you.
* * * LOW HITPOINT WARNING * * *
The deep troll claws you.
* * * LOW HITPOINT WARNING * * *
Okay, then.
You hit the deep troll but do no damage.
The deep troll is poisoned.
The deep troll barely misses you. The deep troll claws you.
* * * LOW HITPOINT WARNING * * *
The deep troll claws you but does no damage.
You block the deep troll's attack. The deep troll barely misses you.
The deep troll claws you.
You die...

..').#..+ {
..#..##)#####+# {
..####..#...#)####§
..#__...#..##(#§≈≈§{
..#_____##'#_.§≈§§§
{
⌠⌠#_.∩...'..._#§§§§{
..._..__##_.#'##+###
..#_____###+#).T..(#
{ ######### ####@###
+$$.$$+ { ####### {
{ { { {{ { { { {


You could see a deep troll.

Vanquished Creatures
  A yak (D)
  An ogre (D)
  A jelly (D)
  Ijyb (D)
4 creatures vanquished.

Notes
Turn   | Place    | Note
-------+----------+-------------------------------------------
     0 | D        | IC0N0FSIN the Formicid Fighter began the quest for the Orb.
     0 | D        | Reached XP level 1. HP: 18/18 MP: 1/1
    12 | D        | Found a basalt altar of Yredelemnul.
    12 | D        | Found a hide-covered altar of Uskayaw.
    12 | D        | Found a hazy altar of Hepliaklqana.
    12 | D        | Found a shadowy altar of Dithmenos.
    12 | D        | Found an ancient bone altar of Kikubaaqudgha.
    12 | D        | Found a sacrificial altar of Ru.
    12 | D        | Found a snail-covered altar of Cheibriados.
    12 | D        | Found Iluyxon's General Store.
    12 | D        | Found an opulent altar of Gozag.
    12 | D        | Found a sparkling altar of Nemelex Xobeh.
    12 | D        | Found a glowing golden altar of the Shining One.
    12 | D        | Found an iron altar of Okawaru.
    12 | D        | Found a bloodstained altar of Trog.
    12 | D        | Found a blossoming altar of Fedhas.
    12 | D        | Found a stormy altar of Qazlal.
    12 | D        | Found a white marble altar of Elyvilon.
    12 | D        | Found a glowing silver altar of Zin.
    12 | D        | Noticed a yak
    15 | D        | Became a worshipper of the Shining One
    22 | D        | Killed a yak
    22 | D        | Reached skill level 7 in Shields
    22 | D        | Reached XP level 2. HP: 21/29 MP: 2/2
    22 | D        | Reached XP level 3. HP: 26/35 MP: 3/3
    22 | D        | Reached XP level 4. HP: 30/41 MP: 4/4
    22 | D        | Reached XP level 5. HP: 34/47 MP: 5/5
   102 | D        | Noticed Ijyb
   112 | D        | Killed Ijyb
   130 | D        | Bought a potion of might for 52 gold pieces
   141 | D        | Noticed an ogre
   144 | D        | Killed an ogre
   144 | D        | Reached skill level 8 in Shields
   144 | D        | Reached XP level 6. HP: 56/56 MP: 6/6
   151 | D        | Found a shimmering blue altar of Sif Muna.
   151 | D        | Found a radiant altar of Vehumet.
   151 | D        | Found an ornate altar of the Wu Jian Council.
   154 | D        | Reached skill level 9 in Shields
   201 | D        | Noticed a deep troll
   250 | D        | Slain by a deep troll

Levels and vault maps discovered:
D:        dungeon_sprint_1 [red_sonja_temple_1, red_sonja_temple_small_1]

Skill      XL: |  1  2  3  4  5  6 |
---------------+-------------------+-----
Fighting       | 6 7 8 |  8.2
Staves         | 3 4 |  4.5
Armour         | 7 8 |  8.3
Shields        | 7 8 9 |  9.0

Action                   |  1- 3 |  4- 6 || total
-------------------------+-------+-------++-------
Melee: Quarterstaff      |     4 |    20 ||    24
       Spear             |       |     1 ||     1
 Abil: Dig               |     2 |     3 ||     5
  Use: Potion            |     3 |     2 ||     5
Armor: Scale mail        |     1 |     5 ||     6
Dodge: Dodged            |       |    10 ||    10
Block: Shield            |     2 |    18 ||    20

Table legend:
 A = Non-vault XP
 B = Vault XP
 C = Vault XP percentage of total XP
 D = Non-vault monster count
 E = Vault monster count
 F = Vault count percentage of total count
                 A         B        C        D         E       F
            +---------+---------+-------+---------+---------+-------
      Total |       0 |     400 | 100.0 |       0 |       4 | 100.0
            +---------+---------+-------+---------+---------+-------
          D |       0 |     400 | 100.0 |       0 |       4 | 100.0
            +---------+---------+-------+---------+---------+-------
